 Dungeon Crawl Stone Soup version 0.25-a0-565-g8875c97ebb (console) character file.

Game seed: 10494013020424846743, levelgen mode: classic

172384 Duffy the Severer (level 18, -9/149 HPs)
             Began as a Formicid Fighter on Feb 26, 2020.
             Was the Champion of Makhleb.
             Mangled by a thorn hunter (14 damage)
             ... on level 4 of the Swamp.
             The game lasted 00:50:35 (29993 turns).

Duffy the Severer (Formicid Fighter)               Turns: 29993, Time: 00:50:36

Health: -9/149     AC: 27    Str: 23    XL:     18   Next: 67%
Magic:  30/30      EV: 15    Int: 15    God:    Makhleb [******]
Gold:   2023       SH: 12    Dex: 10    Spells: 17/17 levels left

rFire    + . .     SeeInvis +   b - +1 battleaxe (flame)
rCold    + . .     Gourm    .   c - +0 kite shield
rNeg     + + .     Faith    .   k - +10 scale mail of Snakes and Ladders {rN+ Regen+ rCorr Str-5}
rPois    +         Spirit   .   (helmet unavailable)
rElec    .         Reflect  .   Z - +0 cloak {rF+}
rCorr    +         Harm     .   G - +2 pair of gloves of Vlad {Str+4}
MR       +....                  e - +1 pair of boots {Fly}
Stlth    ..........             N - amulet of the acrobat
HPRegen  0.74/turn              h - ring of Giwka {rPois rN+ Str+2}
MPRegen  0.22/turn              y - ring of protection from cold

@: flying
A: permanent stasis, dig shafts and tunnels, four strong arms, antennae 3
a: Dig, Shaft Self, Minor Destruction, Lesser Servant of Makhleb, Major
Destruction, Greater Servant of Makhleb, Renounce Religion, Stop Flying


You were on level 4 of the Swamp.
You worshipped Makhleb.
Makhleb was exalted by your worship.
You were not hungry.

You visited 5 branches of the dungeon, and saw 28 of its levels.
You also visited: Ice Cave and Volcano.

You collected 4079 gold pieces.
You spent 2056 gold pieces at shops.

Inventory:

Hand Weapons
 a - the +3 battleaxe of Nulug {vorpal, *Rage +Inv rElec Stlth+}
   (You found it on level 3 of the Lair of Beasts)

   It inflicts extra damage upon your enemies.
   It insulates you from electricity.
   It lets you turn invisible.
   It may make you go berserk in combat.
   It makes you more stealthy.
 b - a +1 battleaxe of flaming (weapon)
Missiles
 D - 3 throwing nets
 O - 13 curare-tipped darts (quivered)
Armour
 c - a +0 kite shield (worn)
 e - a +1 pair of boots of flying (worn)
 k - the +10 scale mail of Snakes and Ladders (worn) {rN+ Regen+ rCorr Str-5}
   (You took it off an orc on level 6 of the Dungeon)

   It affects your strength (-5).
   It protects you from negative energy.
   It increases your rate of regeneration.
   It provides partial protection from all sources of acid and corrosion.
   If you remove this armour, your AC will decrease by 20 (27 -> 7).
 r - the +0 pair of boots of the Lair of Beasts {rC+ MR+ Dex+3}
   (You found it on level 13 of the Dungeon)

   It affects your dexterity (+3).
   It protects you from cold.
   It affects your resistance to hostile enchantments.
   If you switch to wearing this armour, your AC will decrease by 1 (27 -> 26).
 G - the +2 pair of gloves of Vlad (worn) {Str+4}
   (You bought it in a shop on level 2 of the Orcish Mines)

   It affects your strength (+4).
   If you remove this armour, your AC will decrease by 4 (27 -> 23).
 Z - a +0 cloak of fire resistance (worn)
Jewellery
 h - the ring of Giwka (left hand) {rPois rN+ Str+2}
   (You found it on level 6 of the Lair of Beasts)

   [ring of poison resistance]

   It affects your strength (+2).
   It protects you from poison.
   It protects you from negative energy.
 i - an uncursed ring of protection from fire
 x - an uncursed ring of resist corrosion
 y - a ring of protection from cold (right hand)
 K - the ring of Xais {rElec Dex+4 Stlth+}
   (You acquired it on level 14 of the Dungeon)

   [ring of stealth]

   It affects your dexterity (+4).
   It insulates you from electricity.
   It makes you more stealthy.
 N - an amulet of the acrobat (around neck)
Wands
 o - a wand of polymorph (5)
 z - a wand of clouds (4)
 B - a wand of scattershot (3)
 C - a wand of digging (22)
 L - a wand of paralysis (36)
 P - a wand of acid (10)
 R - a wand of iceblast (30)
 Y - a wand of disintegration (33)
Scrolls
 q - 3 scrolls of fog
 u - 4 scrolls of immolation
 v - a scroll of summoning
 H - 8 scrolls of magic mapping
 I - 4 scrolls of vulnerability
 V - 6 scrolls of remove curse
 X - 6 scrolls of identify
Potions
 d - 5 potions of might
 g - 6 potions of stabbing
 j - 9 potions of curing
 l - 5 potions of flight
 m - 2 potions of mutation
 n - 4 potions of degeneration {deg, unknown}
 p - 5 potions of lignification
 t - 2 potions of resistance
 A - a potion of magic
 E - 4 potions of cancellation
 J - 3 potions of brilliance
 M - 6 potions of haste
 Q - a potion of ambrosia
 S - 4 potions of heal wounds
 U - a potion of invisibility
Miscellaneous
 F - a lamp of fire
 T - a phantom mirror
Comestibles
 f - 46 rations
 s - 5 chunks of flesh


   Skills:
 - Level 15.0 Fighting
 - Level 18.0 Axes
 + Level 13.4 Armour
 + Level 11.9 Dodging
 - Level 10.0 Shields
 - Level 16.0 Invocations
 - Level 10.0 Evocations


You had 17 spell levels left.
You didn't know any spells.
Your spell library contained the following spells:

 Spells                   Type           Power        Failure   Level  Hunger
 Animate Skeleton         Necr           N/A          47%         1    ##.....
 Apportation              Tloc           #.....       47%         1    ##.....
 Corona                   Hex            #......      47%         1    ##.....
 Freeze                   Ice            #...         47%         1    ##.....
 Pain                     Necr           #...         47%         1    ##.....
 Summon Butterflies       Summ           #.......     47%         1    ##.....
 Summon Small Mammal      Summ           #...         47%         1    ##.....
 Slow                     Hex            #.......     63%         2    ###....
 Frozen Ramparts          Ice            #.....       85%         3    ####...
 Inner Flame              Hex/Fire       #.......     85%         3    ####...
 Lesser Beckoning         Tloc           #.........   85%         3    ####...
 Ozocubu's Armour         Chrm/Ice       #.......     85%         3    ####...
 Portal Projectile        Hex/Tloc       #.....       85%         3    ####...
 Static Discharge         Conj/Air       #.......     85%         3    ####...
 Tukima's Dance           Hex            #.......     85%         3    ####...
 Vampiric Draining        Necr           #.........   85%         3    ####...
 Animate Dead             Necr           N/A          99%         4    #####..
 Cause Fear               Hex            #.........   99%         4    #####..
 Hailstorm                Conj/Ice       #.......     99%         4    #####..
 Leda's Liquefaction      Hex/Erth       #.........   99%         4    #####..
 Summon Ice Beast         Ice/Summ       #.......     99%         4    #####..
 Agony                    Necr           #.......     100%        5    ######.
 Alistair's Intoxication  Tmut/Pois      #.......     100%        5    ######.
 Lightning Bolt           Conj/Air       #.........   100%        5    ######.
 Invisibility             Hex            #.......     100%        6    #######
 Ignition                 Fire           #.........   100%        8    #######
 Shatter                  Erth           #.........   100%        9    #######
 Tornado                  Air            #.........   100%        9    #######


Dungeon Overview and Level Annotations

Branches:
Dungeon (15/15)            Temple (1/1) D:7            Lair (6/6) D:9
  Swamp (4/4) Lair:2        Snake (0/4) Lair:2        Slime (0/5) Lair:5
    Orc (2/2) D:11            Elf (0/3) Orc:2        Vaults (0/5) D:13
 Depths (0/5) D:15          IceCv (visited)         Volcano (visited)

Altars:
Ashenzari
Cheibriados
Dithmenos
Elyvilon
Fedhas
Gozag
Hepliaklqana
Kikubaaqudgha
Makhleb
Nemelex Xobeh
Okawaru
Qazlal
Ru
Sif Muna
Trog
Uskayaw
Vehumet
Wu Jian
Xom
Yredelemnul
Zin
The Shining One
Beogh

Shops:
D:13 ?   D:14 ?   Orc:2 *[!:

Annotations:
D:11 1 runed translucent door, zaran's ghost, journeyman MfGl
Lair:6 1 runed translucent door, Grimalkyne's ghost, journeyman MfSk


Innate Abilities, Weirdness & Mutations

You cannot be hasted, slowed, berserked, paralysed or teleported.
You can dig through walls and to a lower floor.
Your four strong arms can wield two-handed weapons with a shield.
You have a pair of large antennae on your head. (SInv)


Message History

A large slime creature splits.
You closely miss the thorn hunter.
The thorn hunter is moderately damaged.
You hit the slime creature but do no damage.
You barely miss the slime creature. You hit the slime creature.
You burn the slime creature. You barely miss the slime creature.
You block the slime creature's attack.
The thorn hunter fires a volley of thorns at you.
The volley of thorns misses you.
The volley of thorns hits the slime creature!!
The slime creature hits you.
You hit the thorn hunter but do no damage.
The thorn hunter is moderately damaged.
You slash the slime creature! You burn the slime creature.
You slash the slime creature! You burn the slime creature.
You barely miss the slime creature. You slash the slime creature!
You burn the slime creature.
The briar patch crumbles away. x2
The slime creature hits you! The slime creature barely misses you.
The thorn hunter hits you!
You die...

...~.~7...PPPP.......~
~......~~...~PP....~~.
.~7~.........PP.~...~
~....?~.0..~..P~....
...~..0...~.~..~...
~..~..~.~...~....~
~...P.~.~.0...P~.
~.~7PPfJJ.~~.PP..
?~.~...@J[....~..
~~.~~...J.~~~..~~
..?~.~.~~..~...~~
.~~..7.7....7..~.
.~.~.7.7..~.7.~.~ 7...
....~.~...~. .7~
.7.70.~...0~~ 7~ ..
~......


You could see a thorn hunter and 4 slime creatures.

Vanquished Creatures
  Jorgrun (D:14)
  Gastronok (Lair:3)
  A sphinx (D:14)
  2 thorn hunters
  Kirke (D:13)
  Agnes (D:14)
  Aizul (Swamp:2)
  A caustic shrike zombie (D:15)
  2 frost giants
  Azrael (D:14)
  A fire dragon (Lair:4)
  A rakshasa (D:15)
  Harold (D:7)
  A ghost crab (Swamp:4)
  Fannar (Lair:3)
  21 hydras
  5 shambling mangroves
  3 catoblepae
  Erica (D:8)
  5 centaur warriors
  3 ogre magi
  15 two-headed ogres
  2 tengu warriors
  11 alligators
  An orc high priest (Orc:2)
  Urug (D:11)
  A death yak (IceCv)
  A sun demon (Volcano)
  Sonja (Lair:2)
  A skeletal warrior (D:15)
  A hell knight (Volcano)
  3 spriggan druids
  An unseen horror (D:14)
  A lindwurm (Lair:6)
  An orc knight (D:13)
  11 swamp dragons
  A flayed ghost (D:15)
  A deep elf archer (D:13)
  A necromancer (D:15)
  5 orc sorcerers
  2 wolf spiders (D:14)
  18 ugly things
  4 cyclopes
  6 manticores
  4 oklob plants
  4 deep elf magi
  4 elephants (Lair:6)
  6 black mambas
  An ice statue (IceCv)
  Joseph (D:9)
  13 spiny frogs
  A torpor snail (Lair:6)
  3 gargoyles
  4 centaur skeletons
  A freezing wraith (D:15)
  2 kobold demonologists (D:14)
  An efreet (D:15)
  A yaktaur zombie (D:15)
  10 rime drakes
  11 yaktaurs
  A guardian mummy (D:15)
  9 komodo dragons
  A tengu conjurer (D:10)
  7 trolls
  A wolf spider simulacrum (D:15)
  12 tyrant leeches
  19 hornets
  19 blink frogs
  A deep troll zombie (D:15)
  18 polar bears
  9 bog bodies
  13 slime creatures
  An ice dragon zombie (D:15)
  A dream sheep (Lair:6)
  Grinder (D:3)
  9 hippogriffs
  An air elemental (D:12)
  8 spriggans
  3 wraiths
  A human (shapeshifter) (D:13)
  A shadow (Swamp:1)
  3 fire elementals
  A vampire (D:14)
  A redback (shapeshifter) (D:13)
  A water elemental (D:12)
  2 hogs (D:13)
  8 wyverns
  43 yaks
  3 humans (D:13)
  2 basilisks
  8 fire bats (Volcano)
  19 vampire mosquitoes
  10 swamp worms
  12 insubstantial wisps
  4 hungry ghosts
  A soldier ant (D:15)
  Menkaure (D:4)
  14 water moccasins
  4 porcupines
  4 hell hounds
  25 orc warriors
  9 swamp drakes
  2 black bears
  4 ice beasts
  A necrophage (D:13)
  13 ogres
  3 sky beasts
  2 eyes of draining
  42 wolves
  7 crocodiles
  5 centaurs (D:14)
  5 big kobolds
  Blork the orc (D:5)
  20 bullfrogs
  An earth elemental (D:12)
  A wyvern zombie (D:10)
  9 scorpions
  22 killer bees
  4 howler monkeys
  14 wights
  9 lava snakes (Volcano)
  8 crimson imps
  4 centaur zombies
  3 bullfrog zombies
  2 quasits (D:10)
  27 orc priests
  A gnoll shaman (D:5)
  2 hounds
  6 jellies
  39 orc wizards
  4 bullfrog skeletons
  Terence (D:3)
  4 iguanas
  7 worker ants
  A bullfrog simulacrum (D:10)
  A hound zombie (D:5)
  Robin (D:3)
  2 howler monkey zombies
  A worker ant zombie (D:10)
  6 gnolls
  15 adders
  2 shadow imps (D:7)
  4 white imps (D:15)
  2 oozes
  2 adder zombies (D:7)
  3 adder skeletons
  2 worms
  3 dart slugs (D:1)
  3 leopard geckos
  93 orcs
  5 ball pythons
  4 giant cockroaches
  12 goblins
  8 hobgoblins
  8 jackals
  6 quokkas
  5 bats
  6 frilled lizards
  A jackal skeleton (D:5)
  30 kobolds
  6 rats
  3 briar patches (Swamp:4)
  8 fungi
  7 plants
  A withered plant (D:15)
1047 creatures vanquished.

Vanquished Creatures (others)
  A rime drake (Swamp:4)
  A slime creature (Swamp:4)
  A yak (IceCv)
  A human (D:13)
  A swamp drake (Swamp:4)
  2 wolves (IceCv)
  A quasit (D:14)
  A briar patch (Swamp:4)
  9 fungi
  22 plants
  A withered plant (D:15)
41 creatures vanquished.

Grand Total: 1088 creatures vanquished

Notes
Turn   | Place    | Note
-------+----------+-------------------------------------------
     0 | D:1      | Duffy the Formicid Fighter began the quest for the Orb.
     0 | D:1      | Reached XP level 1. HP: 18/18 MP: 1/1
   144 | D:1      | Reached XP level 2. HP: 24/24 MP: 2/2
   559 | D:1      | Reached XP level 3. HP: 25/29 MP: 3/3
   873 | D:2      | Reached skill level 3 in Axes
   880 | D:2      | Reached XP level 4. HP: 24/35 MP: 4/4
  1140 | D:2      | Noticed a bullfrog
  1159 | D:2      | Killed a bullfrog
  1159 | D:2      | Reached skill level 5 in Shields
  1159 | D:2      | Reached XP level 5. HP: 5/41 MP: 5/5
  1747 | D:2      | Reached skill level 4 in Axes
  1987 | D:3      | Reached XP level 6. HP: 41/47 MP: 6/6
  2105 | D:3      | Noticed Robin
  2122 | D:3      | Killed Robin
  2673 | D:3      | Noticed Terence
  2682 | D:3      | Killed Terence
  2950 | D:3      | Noticed Grinder
  2994 | D:3      | Killed Grinder
  2994 | D:3      | Reached skill level 5 in Axes
  2994 | D:3      | Reached XP level 7. HP: 11/52 MP: 7/7
  4022 | D:4      | Found a glowing golden altar of the Shining One.
  4041 | D:4      | Reached skill level 6 in Axes
  4041 | D:4      | Noticed Menkaure
  4062 | D:4      | Killed Menkaure
  4062 | D:4      | Reached XP level 8. HP: 34/58 MP: 8/8
  4421 | D:5      | Entered Level 5 of the Dungeon
  4499 | D:5      | Got an iridescent falchion
  4501 | D:5      | Found an ancient bone altar of Kikubaaqudgha.
  4509 | D:5      | Found an iron altar of Okawaru.
  4509 | D:5      | Found a shadowy altar of Dithmenos.
  4510 | D:5      | Found a shimmering blue altar of Sif Muna.
  4512 | D:5      | Found an ornate altar of the Wu Jian Council.
  4514 | D:5      | Found a bloodstained altar of Trog.
  4796 | D:5      | Noticed Blork the orc
  4806 | D:5      | Killed Blork the orc
  4936 | D:5      | Reached skill level 7 in Axes
  5373 | D:6      | Reached skill level 1 in Evocations
  5456 | D:6      | Reached XP level 9. HP: 19/64 MP: 8/10
  5724 | D:6      | Identified the +10 scale mail of Snakes and Ladders {rN+
                  | Regen+ rCorr Str-5}
  5837 | D:6      | Reached skill level 10 in Shields
  6176 | D:7      | Found a staircase to the Ecumenical Temple.
  6187 | Temple   | Entered the Ecumenical Temple
  6191 | D:7      | Reached skill level 8 in Axes
  6422 | Temple   | Became a worshipper of Makhleb the Destroyer
  6475 | D:7      | Noticed a purple ugly thing
  6477 | D:7      | Noticed a hippogriff
  6495 | D:7      | Killed a purple ugly thing
  6507 | D:7      | Killed a hippogriff
  6507 | D:7      | Reached skill level 5 in Evocations
  6665 | D:7      | Noticed Harold
  6692 | D:7      | Reached skill level 9 in Axes
  6715 | D:7      | Killed Harold
  6715 | D:7      | Reached skill level 5 in Fighting
  6715 | D:7      | Reached XP level 10. HP: 45/74 MP: 14/14
  6840 | D:7      | Got a translucent long sword
  7539 | D:8      | Noticed Erica
  7542 | D:8      | Reached * piety under Makhleb
  7560 | D:8      | Killed Erica
  7868 | D:8      | Reached skill level 5 in Invocations
  7869 | D:8      | Reached skill level 10 in Axes
  8351 | D:9      | Reached XP level 11. HP: 87/87 MP: 15/15
  8501 | D:9      | Found a blossoming altar of Fedhas.
  8513 | D:9      | Noticed an oklob plant
  8624 | D:9      | Noticed a two-headed ogre
  8634 | D:9      | Killed a two-headed ogre
  8634 | D:9      | Reached ** piety under Makhleb
  8634 | D:9      | Reached skill level 10 in Fighting
  8892 | D:9      | Found a stormy altar of Qazlal.
  8921 | D:9      | Noticed Joseph
  8928 | D:9      | Killed Joseph
  8992 | D:9      | Found a staircase to the Lair.
  9595 | D:10     | Entered Level 10 of the Dungeon
  9607 | D:10     | Noticed a two-headed ogre
  9614 | D:10     | Noticed a frost giant
  9832 | D:10     | Noticed a tengu warrior
  9838 | D:10     | Noticed a cyclops
  9864 | D:10     | Killed a tengu warrior
  9891 | D:10     | Killed a cyclops
  9957 | D:10     | Reached *** piety under Makhleb
 10549 | Lair:1   | Entered Level 1 of the Lair of Beasts
 10561 | Lair:1   | Reached XP level 12. HP: 97/108 MP: 17/17
 10809 | Lair:1   | Reached skill level 15 in Fighting
 11110 | Lair:2   | Reached skill level 1 in Dodging
 11236 | Lair:2   | Noticed a four-headed hydra
 11246 | Lair:2   | Killed a one-headed hydra
 11274 | Lair:2   | Identified the +7 falchion "Emmutuw" {antimagic, Str-5
                  | Dex+6} (You found it on level 5 of the Dungeon)
 11275 | Lair:2   | Identified the cursed +2 long sword "Ultimatum" {antimagic,
                  | rF+} (You found it on level 7 of the Dungeon)
 11374 | Lair:2   | Reached skill level 5 in Armour
 11403 | Lair:2   | Found a staircase to the Snake Pit.
 11597 | Lair:2   | Reached **** piety under Makhleb
 11754 | Lair:2   | Found a staircase to the Swamp.
 11757 | Lair:2   | Noticed Sonja
 11774 | Lair:2   | Killed Sonja
 12341 | Lair:3   | Noticed a five-headed hydra
 12350 | Lair:3   | Killed a one-headed hydra
 12373 | Lair:3   | Noticed Fannar
 12388 | Lair:3   | Killed Fannar
 12483 | Lair:3   | Reached XP level 13. HP: 35/115 MP: 18/18
 12490 | Lair:3   | Reached skill level 10 in Armour
 12771 | Lair:3   | Reached skill level 5 in Dodging
 12775 | Lair:3   | Noticed Gastronok
 12811 | Lair:3   | Killed Gastronok
 12815 | Lair:3   | Noticed an eight-headed hydra
 12840 | Lair:3   | Killed a one-headed hydra
 13347 | Lair:3   | Got a polished battleaxe
 13493 | Lair:3   | Identified the cursed +3 battleaxe of Nulug {vorpal, *Rage
                  | +Inv rElec Stlth+} (You found it on level 3 of the Lair of
                  | Beasts)
 14017 | Lair:4   | Reached ***** piety under Makhleb
 14245 | Lair:4   | Noticed a fire dragon
 14265 | Lair:4   | Killed a fire dragon
 14567 | Lair:5   | Noticed a catoblepas
 14612 | Lair:5   | Killed a catoblepas
 15650 | Lair:5   | Found a staircase to the Slime Pits.
 15651 | Lair:5   | Noticed a shambling mangrove
 15651 | Lair:5   | an oklob plant changed into a shambling mangrove
 15673 | Lair:5   | HP: 2/115 [shambling mangrove (14)]
 15675 | Lair:5   | Killed a shambling mangrove
 15675 | Lair:5   | Reached XP level 14. HP: 19/123 MP: 19/19
 15954 | Lair:6   | Entered Level 6 of the Lair of Beasts
 16184 | Lair:6   | Reached skill level 11 in Axes
 16411 | Lair:6   | Got a faintly glowing hunting sling
 16574 | Lair:6   | Got a twitching tin ring
 16576 | Lair:6   | Identified the ring of Giwka {rPois rN+ Str+2} (You found
                  | it on level 6 of the Lair of Beasts)
 16582 | Lair:6   | Found a runed translucent door.
 16582 | Lair:6   | Noticed Grimalkyne's ghost (journeyman MfSk)
 17211 | Lair:6   | Reached skill level 12 in Axes
 17211 | Lair:6   | Reached skill level 10 in Evocations
 17664 | D:11     | Found a staircase to the Orcish Mines.
 18236 | D:11     | Found a runed translucent door.
 18236 | D:11     | Found a shimmering altar of Xom.
 18236 | D:11     | Noticed zaran's ghost (journeyman MfGl)
 18251 | D:11     | Noticed Urug
 18266 | D:11     | Killed Urug
 18352 | D:11     | Reached skill level 13 in Axes
 18670 | Orc:1    | Entered Level 1 of the Orcish Mines
 18798 | Orc:1    | Reached XP level 15. HP: 104/129 MP: 22/22
 18866 | Orc:1    | Found a bloodstained altar of Trog.
 18965 | Orc:1    | Reached ****** piety under Makhleb
 19474 | Orc:2    | Entered Level 2 of the Orcish Mines
 19493 | Orc:2    | Found a radiant altar of Vehumet.
 19531 | Orc:2    | Found a dark tunnel.
 19534 | Volcano  | Entered a volcano
 19731 | Volcano  | Found a radiant altar of Vehumet.
 19844 | Orc:2    | Found a frozen archway.
 19858 | IceCv    | Entered an ice cave
 20159 | IceCv    | Reached skill level 14 in Axes
 20742 | IceCv    | Noticed a frost giant
 20749 | IceCv    | Killed a frost giant
 20749 | IceCv    | Reached skill level 15 in Axes
 20835 | IceCv    | Identified the +2 hunting sling "Veack" {vorpal, *Slow rF+
                  | MP+9 Dex+2} (You found it on level 6 of the Lair of Beasts)
 21139 | Orc:2    | Found Meeggoc's Distillery.
 21139 | Orc:2    | Found Aquvaima's General Store.
 21139 | Orc:2    | Found Vooporep's Armour Shoppe.
 21147 | Orc:2    | Found Woabutwoge's Book Emporium.
 21405 | Orc:2    | Found a staircase to the Elven Halls.
 21551 | Orc:2    | Found a roughly hewn altar of Beogh.
 21640 | Orc:2    | Bought the +2 pair of gloves of Vlad {Str+4} for 508 gold
                  | pieces
 21654 | Orc:2    | Bought 2 potions of brilliance for 128 gold pieces
 21654 | Orc:2    | Bought a potion of haste for 160 gold pieces
 21657 | Orc:2    | Bought a scroll of identify for 34 gold pieces
 21657 | Orc:2    | Bought a scroll of identify for 34 gold pieces
 21657 | Orc:2    | Bought a +0 pair of boots of running for 535 gold pieces
 22070 | D:12     | Found a basalt altar of Yredelemnul.
 22306 | D:12     | Found a large runed translucent door.
 22306 | D:12     | Found a large runed translucent door.
 22877 | D:13     | Got a pair of dazzling boots
 22888 | D:13     | Identified the +0 pair of boots of the Lair of Beasts {rC+
                  | MR+ Dex+3} (You found it on level 13 of the Dungeon)
 23053 | D:13     | Reached skill level 16 in Axes
 23177 | D:13     | Reached XP level 16. HP: 136/136 MP: 23/23
 23379 | D:10     | Killed a frost giant
 23579 | D:13     | Found Toirch's Magic Scroll Shop.
 23585 | D:13     | Bought a scroll of identify for 36 gold pieces
 23585 | D:13     | Bought a scroll of identify for 36 gold pieces
 23585 | D:13     | Bought a scroll of identify for 36 gold pieces
 23585 | D:13     | Bought a scroll of identify for 36 gold pieces
 23585 | D:13     | Bought a scroll of torment for 135 gold pieces
 23741 | D:13     | Noticed Kirke
 23751 | D:13     | Killed Kirke
 24006 | D:14     | Noticed Agnes
 24034 | D:14     | Killed Agnes
 24168 | D:14     | Reached skill level 10 in Invocations
 24225 | D:14     | Identified a scroll of acquirement
 24235 | D:14     | Identified the ring of Xais {rElec Dex+4 Stlth+} (You
                  | acquired it on level 14 of the Dungeon)
 24235 | D:14     | Identified the +2 buckler of the Game of Life {Int+4} (You
                  | acquired it on level 14 of the Dungeon)
 24317 | D:14     | Found Qeigizio's Magic Scroll Shoppe.
 24320 | D:14     | Noticed Azrael
 24342 | D:14     | Killed Azrael
 24560 | D:14     | Bought a scroll of magic mapping for 49 gold pieces
 24560 | D:14     | Bought a scroll of magic mapping for 49 gold pieces
 24560 | D:14     | Bought a scroll of magic mapping for 49 gold pieces
 24631 | D:14     | Noticed Jorgrun
 24755 | D:14     | Noticed a sphinx
 24789 | D:14     | Reached skill level 17 in Axes
 24791 | D:14     | Killed Jorgrun
 24799 | D:14     | Killed a sphinx
 25131 | D:15     | Entered Level 15 of the Dungeon
 25182 | D:15     | Found a shadowy altar of Dithmenos.
 25368 | D:15     | Reached XP level 17. HP: 116/142 MP: 27/27
 25397 | D:15     | Found a staircase to the Depths.
 25646 | D:15     | Reached skill level 15 in Invocations
 26011 | D:15     | Reached skill level 18 in Axes
 26248 | D:13     | Found a gate to the Vaults.
 26402 | Orc:2    | Bought a +1 pair of boots of flying for 231 gold pieces
 26562 | Swamp:1  | Entered Level 1 of the Swamp
 27487 | Swamp:1  | Reached skill level 10 in Dodging
 28386 | Swamp:2  | Noticed a thorn hunter
 28390 | Swamp:2  | Reached XP level 18. HP: 147/149 MP: 30/30
 28408 | Swamp:2  | Noticed Aizul
 28435 | Swamp:2  | Killed Aizul
 29322 | Swamp:4  | Entered Level 4 of the Swamp
 29993 | Swamp:4  | HP: 5/149 [slime creature (7)]
 29993 | Swamp:4  | Mangled by a thorn hunter

Levels and vault maps discovered:
D:1:      dpeg_arrival_chase, layout_basic
D:2:      layout_rooms, dk_noncrumbling_3, minmay_pentomino_p2
D:3:      layout_loops_corners, uniq_terence, uniq_grinder, uniq_robin
D:4:      layout_rooms, serial_bayou_pond_c, tso_metal_star, uniq_menkaure
D:5:      layout_rooms, minitemple, first_ration, uniq_blork_the_orc
D:6:      layout_rooms, minmay_misc_feat_secret_circle
D:7:      layout_loops_corners, minmay_temple_entry_mini_moons,
          minmay_manual_maat, uniq_harold
D:8:      layout_loops_ring, blue_anna_alchemist [blue_anna_fruit_fields,
          blue_anna_fruit_fields], uniq_erica
D:9:      layout_loops_corners, kennysheep_mini_moat, david_lair_shrubbed,
          chequers_arboretum, grunt_decor_mini_mirrors, tgw_fedhas, uniq_joseph
D:10:     cheibrodos_fzero, layout_stronghold, onia_ninara_dug_in_and_dangerous
D:11:     layout_loops_ring, orc_0_dummy, ebering_ghost_xom, uniq_urug
D:12:     layout_long_grid, basic_altar, lightli_elemental_guards
D:13:     layout_long_grid, hangedman_vaults_entry_quadrant_bands, serial_shops,
          nicolae_shop_statue_plus, kennysheep_small_square, uniq_kirke
D:14:     wad_statue_garden, layout_cross, serial_shops, nicolae_shop_trees,
          kennysheep_nondescript, uniq_agnes, uniq_azrael, uniq_jorgrun
D:15:     gammafunk_depths_entry_grave, layout_loops_ring,
          nicolae_dithmenos_the_darkroom, serial_ice, serial_ice_d,
          serial_ice_o, serial_ice_h, serial_ice_g
Temple:   regret_index_temple_generic_petals
Lair:1:   layout_cave_shapes, beast_lair_carwin_9
Lair:2:   layout_small_grid, skrybe_swamp_entry_bodies,
          minmay_snake_entry_six_corridors, uniq_sonja
Lair:3:   layout_roguey, beast_lair_carwin_1, uniq_gastronok, uniq_fannar
Lair:4:   dragon1_lemuel, layout_cave_pods, bh_autumn_forest_stairs,
          serial_bayou_shore_b, serial_bayou_shore_b, lemuel_fruit_tree
Lair:5:   layout_layer_cave, minmay_slime_entry_oklob_open, lookout_lair_type,
          grunt_megastairs_1
Lair:6:   hangedman_lair_in_review, layout_cave_pods,
          ebering_ghost_reflecting_pool
Swamp:1:  layout_basic_swamp, serial_swamp_ruin, evilmike_swamp_ruin_house_2,
          evilmike_swamp_ruin_rubble_1, swamp_pool4, infiniplex_staircase_pool
Swamp:2:  layout_basic_swamp, hangedman_swamp_cone, swamp_pool1, uniq_aizul
Swamp:3:  layout_basic_swamp, nicolae_swamp_treefoil,
          infiniplex_staircase_pool_2
Swamp:4:  swamp_alternative, layout_basic_swamp, swamp_pool2, grunt_witch_cave
Orc:1:    minmay_goldmine, layout_caves, trog_butcher_becter
Orc:2:    st_orc_mages, layout_caves, basic_altar, nicolae_volcano_entry_s_turn,
          portal_ice_cave_rime, minmay_orc_temple_b

Skill      XL: |  1  2  3  4  5  6  7  8  9 10 11 12 13 14 15 16 17 18 |
---------------+-------------------------------------------------------+-----
Shields        | 4 5 7 8 9 10 | 10.0
Axes           | 3 4 5 6 7 9 10 13 16 17 18 | 18.0
Evocations     | 1 6 7 10 | 10.0
Fighting       | 5 8 14 15 | 15.0
Invocations    | 3 5 7 14 16 | 16.0
Dodging        | 1 9 10 11 | 11.9
Armour         | 9 10 11 13 | 13.4

Action                   |  1- 3 |  4- 6 |  7- 9 | 10-12 | 13-15 | 16-18 || total
-------------------------+-------+-------+-------+-------+-------+-------++-------
Melee: War axe           |    78 |   210 |   125 |   474 |  1173 |   118 ||  2178
       Unarmed           |       |     2 |       |       |       |       ||     2
       Hand axe          |       |       |   291 |    24 |    58 |       ||   373
       Battleaxe         |       |       |       |       |   109 |  1126 ||  1235
Throw: Dart              |       |       |       |       |     4 |     2 ||     6
Invok: Lesser Servant of |       |       |       |       |       |     1 ||     1
 Abil: Dig               |     3 |     1 |    15 |     6 |    58 |    13 ||    96
Evoke: Wand              |       |       |       |     2 |    32 |     6 ||    40
  Use: Scroll            |       |       |     9 |     8 |    13 |     8 ||    38
       Potion            |       |       |     3 |     1 |       |     1 ||     5
 Stab: Paralysed         |       |       |       |     1 |     6 |       ||     7
       Distracted        |       |       |       |       |       |     1 ||     1
       Confused          |       |       |       |       |       |     1 ||     1
  Eat: Chunk             |     1 |     7 |    14 |    19 |    31 |    16 ||    88
       Ration            |       |       |       |     1 |     4 |     3 ||     8
Armor: Scale mail        |    36 |    24 |    49 |   197 |   508 |   581 ||  1395
       Chain mail        |       |   108 |    96 |       |    12 |       ||   216
       Skin              |       |       |     4 |     6 |       |       ||    10
Dodge: Dodged            |    25 |    61 |    82 |   135 |   535 |   700 ||  1538
       Deflected         |       |       |       |       |    11 |       ||    11
Block: Kite shield       |    47 |   163 |   187 |   258 |   699 |   738 ||  2092

Table legend:
 A = Non-vault XP
 B = Vault XP
 C = Vault XP percentage of total XP
 D = Non-vault monster count
 E = Vault monster count
 F = Vault count percentage of total count
                 A         B        C        D         E       F
            +---------+---------+-------+---------+---------+-------
      Total |  144122 |  102142 |  41.5 |     690 |     337 |  32.8
            +---------+---------+-------+---------+---------+-------
        D:1 |      41 |       0 |   0.0 |      19 |       0 |   0.0
        D:2 |     199 |      16 |   7.4 |      19 |       2 |   9.5
        D:3 |     125 |     320 |  71.9 |      25 |       9 |  26.5
        D:4 |     292 |     157 |  35.0 |      14 |       1 |   6.7
        D:5 |     383 |      90 |  19.0 |      29 |       1 |   3.3
        D:6 |     963 |       0 |   0.0 |      22 |       0 |   0.0
        D:7 |     606 |    1987 |  76.6 |      13 |       7 |  35.0
        D:8 |    1339 |    1015 |  43.1 |      27 |       2 |   6.9
        D:9 |    3024 |    1377 |  31.3 |      28 |       3 |   9.7
       D:10 |    2389 |    5051 |  67.9 |      18 |      20 |  52.6
       D:11 |    5042 |     851 |  14.4 |      34 |       1 |   2.9
       D:12 |    1595 |     611 |  27.7 |       8 |       4 |  33.3
       D:13 |   10057 |   10362 |  50.7 |      43 |      22 |  33.8
       D:14 |    8510 |   14022 |  62.2 |      38 |      21 |  35.6
       D:15 |   26124 |    5928 |  18.5 |      53 |      17 |  24.3
     Lair:1 |    1934 |     781 |  28.8 |       9 |       5 |  35.7
     Lair:2 |    4556 |    1986 |  30.4 |      13 |      14 |  51.9
     Lair:3 |   10042 |    4188 |  29.4 |      40 |       8 |  16.7
     Lair:4 |    2715 |    1049 |  27.9 |      16 |       1 |   5.9
     Lair:5 |    2084 |    4042 |  66.0 |       8 |       7 |  46.7
     Lair:6 |    8208 |    7915 |  49.1 |      27 |      18 |  40.0
    Swamp:1 |   15596 |       0 |   0.0 |      39 |       0 |   0.0
    Swamp:2 |   15133 |    1691 |  10.1 |      33 |       1 |   2.9
    Swamp:3 |   13856 |       0 |   0.0 |      36 |       0 |   0.0
    Swamp:4 |    5723 |   15591 |  73.1 |      19 |      24 |  55.8
      Orc:1 |    1690 |     346 |  17.0 |      32 |      15 |  31.9
      Orc:2 |    1896 |    5999 |  76.0 |      28 |      60 |  68.2
      IceCv |       0 |   12339 | 100.0 |       0 |      52 | 100.0
    Volcano |       0 |    4428 | 100.0 |       0 |      22 | 100.0
            +---------+---------+-------+---------+---------+-------
